 Dungeon Crawl Stone Soup version 0.20.1-1-g8b1a95d (webtiles) character file.

44877 spiff the Grappler (level 13, -2/135 HPs)
             Began as a Troll Hunter on July 17, 2017.
             Slain by a four-headed hydra (10 damage)
             ... on level 11 of the Dungeon.
             The game lasted 01:07:32 (15207 turns).

spiff the Grappler (Troll Hunter)                  Turns: 15207, Time: 01:07:32

Health: -2/135     AC:  9    Str: 32    XL:     13   Next: 98%
Magic:  3/12       EV: 13    Int:  7    God:
Gold:   987        SH: 19    Dex:  8    Spells: 12/12 levels left

rFire    + + +     SeeInvis .     - Unarmed
rCold    . . .     Gourm    +   y - +2 shield
rNeg     . . .     Faith    .   X - +1 robe {MR+}
rPois    .         Spirit   .   k - +2 hat
rElec    .         Reflect  +   r - +0 cloak of Oxouqila {rF+++ Str+6 Dex-5} (curse)
rCorr    .         Harm     .   (gloves unavailable)
MR       ++...                  (boots unavailable)
Stlth    +.........             B - +5 amulet of reflection
Regen    0.8/turn               R - ring of protection from magic
MPRegen  0.2/turn               W - ring of Knowledge {Str+2 Slay+4}

@: no status effects
A: unfitting armour, claws 3, fast metabolism 3, gourmand, regeneration 1,
shaggy fur 1, tough skin 2
a: no special abilities


You were on level 11 of the Dungeon.
You were completely stuffed.

You visited 5 branches of the dungeon, and saw 21 of its levels.
You also visited: Volcano.

You collected 1186 gold pieces.
You spent 199 gold pieces at shops.

Inventory:

Hand Weapons
 a - a +1 short sword
Missiles
 d - 2 throwing nets
 m - 8 large rocks (quivered)
 H - 29 poisoned needles
Armour
 k - a +2 hat (worn)
 r - the cursed +0 cloak of Oxouqila (worn) {rF+++ Str+6 Dex-5}
   (You bought it in a shop on level 12 of the Dungeon)

   It affects your strength (+6).
   It affects your dexterity (-5).
   It renders you almost immune to fire.
   It has a curse placed upon it.
 y - a +2 shield (worn)
 J - a +2 cloak
 X - a +1 robe of magic resistance (worn)
Jewellery
 b - an uncursed ring of poison resistance
 B - a +5 amulet of reflection (around neck)
 C - a +5 ring of strength
 R - a ring of protection from magic (left claw)
 U - an uncursed ring of protection from magic
 W - the ring of Knowledge (right claw) {Str+2 Slay+4}
   (You took it off a meliai on level 12 of the Dungeon)

   [ring of slaying]

   It affects your strength (+2).
   It affects your accuracy and damage with ranged weapons and melee attacks
   (+4).
Wands
 w - a wand of iceblast (6/15)
 K - a wand of random effects (38/48)
 L - a wand of paralysis (1/24)
 N - a wand of scattershot (0/9)
 P - a wand of polymorph (7/24)
 Q - a wand of digging (12/24)
 S - a wand of polymorph (17/24)
Scrolls
 g - 2 scrolls of enchant weapon
 o - 5 scrolls of remove curse
 s - 2 scrolls of recharging
 t - 2 scrolls of amnesia
 u - 5 scrolls of teleportation
 x - a scroll of identify
 F - 3 scrolls of fear
 M - 2 scrolls of fog {unknown}
 O - a scroll of brand weapon {unknown}
 T - a scroll of vulnerability {unknown}
 V - a scroll of noise {unknown}
 Y - a scroll of immolation {unknown}
Potions
 e - 3 potions of brilliance
 h - 2 potions of might
 i - 5 potions of haste
 j - 5 potions of resistance
 l - a potion of lignification {unknown}
 n - 4 potions of curing
 q - 3 potions of heal wounds {unknown}
 z - 5 potions of flight
 D - a potion of ambrosia {unknown}
 E - a potion of cancellation {unknown}
 G - 2 potions of agility {unknown}
 I - 2 potions of mutation {unknown}
Books
 Z - a book of the Earth

   Spells                             Type                      Level
   a - Leda's Liquefaction            Hexes/Earth                  4
   b - Bolt of Magma                  Conjuration/Fire/Earth       5
   c - Statue Form                    Transmutation/Earth          6
   d - Iron Shot                      Conjuration/Earth            6
   e - Shatter                        Earth                        9
Comestibles
 c - 6 fruits
 f - 10 bread rations
 v - 15 royal jellies
 A - 6 meat rations


   Skills:
 - Level 10.4 Fighting
 - Level 8.0 Throwing
 + Level 9.5 Dodging
 - Level 0.3 Stealth
 - Level 9.2 Shields
 + Level 12.7 Unarmed Combat


You had 12 spell levels left.
You didn't know any spells.

Dungeon Overview and Level Annotations

Branches:
Dungeon (12/15)            Temple (1/1) D:5            Lair (5/6) D:9
 Shoals (0/4) Lair:4        Slime (1/5) Lair:5          Orc (2/2) D:12
    Elf (0/3) Orc:2
  Snake: Lair:2-4    Spider: Lair:2-4

Altars:
Ashenzari
Cheibriados
Dithmenos
Elyvilon
Fedhas
Gozag
Hepliaklqana
Kikubaaqudgha
Makhleb
Nemelex Xobeh
Okawaru
Qazlal
Ru
Sif Muna
Trog
Uskayaw
Vehumet
Xom
Yredelemnul
Zin
The Shining One
Beogh

Shops:
D:5 (   D:7 [   D:12 !}[   Orc:2 [*

Annotations:
Lair:1 exclusion: electric eel
Orc:1 exclusion: ettin


Innate Abilities, Weirdness & Mutations

You are too large for most types of armour.
You have claws for hands.
Your metabolism is lightning-fast.
You like to eat raw meat.
Your natural rate of healing is unusually fast.
You are covered in fur. (AC +1)
You have very tough skin. (AC +2)


Message History

The large rock hits the four-headed hydra!
The four-headed hydra is almost dead.
You block the four-headed hydra's attack.
The four-headed hydra misses you.
You block the four-headed hydra's attack.
The four-headed hydra closely misses you.
You block the four-headed hydra's attack.
The four-headed hydra barely misses you.
The four-headed hydra bites you!
* * * LOW HITPOINT WARNING * * *
The four-headed hydra bites you!
* * * LOW HITPOINT WARNING * * *
You barely miss the four-headed hydra.
The four-headed hydra is almost dead.
The four-headed hydra bites you.
* * * LOW HITPOINT WARNING * * *
You block the four-headed hydra's attack.
The four-headed hydra closely misses you.
The four-headed hydra bites you!
You die...

########### #.........#
#.........###########
#..D@................
#>.........##########
##.........####
#.........:...#### #
#..........##....#####
##.....................
###..<..................>
#.....###..............#.
#........................


You could see a four-headed hydra.

Vanquished Creatures
  Kirke (D:12)
  An orc warlord (D:12)
  A stone giant (Orc:2)
  The ghost of Rhok the Carver, a journeyman MiFi of Makhleb (D:11)
  An ice dragon (D:12)
  Erica (D:10)
  A death knight (D:11)
  2 centaur warriors (D:12)
  6 two-headed ogres
  The ghost of poirepourri the Basher, a journeyman GrFi of Cheibriados (D:11)
  A hell knight (Volcano)
  An unseen horror (D:12)
  Pikel (D:6)
  3 orc knights
  2 cyclopes (D:11)
  An orc sorcerer (D:12)
  4 ugly things
  5 elephants
  Psyche (D:8)
  3 centaur zombies (D:12)
  A smoke demon (Volcano)
  A gargoyle (D:10)
  A molten gargoyle (Volcano)
  5 spiny frogs
  3 rime drakes
  A komodo dragon (Lair:2)
  A polar bear (Lair:4)
  A red devil (Volcano)
  3 trolls
  A meliai (D:12)
  Prince Ribbit (D:6)
  2 hornets (D:10)
  2 hippogriffs
  3 slime creatures
  38 yaks
  2 wyverns
  3 wraiths
  2 hogs (D:12)
  Grum (D:8)
  5 fire bats
  2 hungry ghosts
  A vampire mosquito (D:12)
  6 wargs
  An acid dragon (D:11)
  3 soldier ants
  2 porcupines
  2 water moccasins (Lair:4)
  A black bear (D:8)
  16 orc warriors
  3 sky beasts
  A slave (D:6)
  3 ice beasts
  9 ogres
  4 phantoms
  15 wolves
  3 centaurs
  3 crocodiles
  2 big kobolds (D:8)
  11 bullfrogs
  A wyvern skeleton (D:11)
  6 scorpions
  12 killer bees
  A vampire bat (Lair:1)
  9 wights
  2 howler monkeys
  An electric eel (D:9)
  7 lava snakes (Volcano)
  4 crimson imps
  A quasit (D:9)
  3 hounds
  5 jellies
  2 bullfrog zombies
  19 orc priests
  A centaur skeleton (D:4)
  A bullfrog skeleton (D:10)
  An iguana (D:10)
  11 orc wizards
  10 worker ants
  2 hound skeletons (D:10)
  2 worker ant zombies
  3 gnolls
  8 adders
  2 shadow imps
  An ooze (D:1)
  An adder zombie (D:8)
  An adder skeleton (D:5)
  6 worms
  2 dart slugs (D:2)
  5 leopard geckos
  74 orcs
  7 bats
  2 giant cockroaches
  11 hobgoblins
  3 jackals (D:1)
  10 kobolds
  6 quokkas
  5 ball pythons
  9 frilled lizards
  10 goblins
  A leopard gecko zombie (D:5)
  6 rats
477 creatures vanquished.

Vanquished Creatures (others)
  A centaur warrior (D:12)
  4 humans (D:12)
  A centaur (D:12)
  A bullfrog (D:6)
  An orc (D:12)
  A quokka skeleton (D:6)
9 creatures vanquished.

Grand Total: 486 creatures vanquished

Notes
Turn   | Place    | Note
-------+----------+-------------------------------------------
     0 | D:1      | spiff the Troll Hunter began the quest for the Orb.
     0 | D:1      | Reached XP level 1. HP: 19/19 MP: 0/0
    53 | D:1      | Reached skill level 1 in Unarmed Combat
    75 | D:1      | Reached XP level 2. HP: 19/27 MP: 1/1
   225 | D:1      | Reached skill level 2 in Unarmed Combat
   661 | D:1      | Reached XP level 3. HP: 29/33 MP: 2/2
   959 | D:2      | Reached skill level 3 in Unarmed Combat
  1216 | D:2      | Reached XP level 4. HP: 41/41 MP: 3/3
  1258 | D:2      | Reached skill level 4 in Unarmed Combat
  1586 | D:3      | Found a stormy altar of Qazlal.
  1733 | D:3      | Found a bloodstained altar of Trog.
  1764 | D:3      | Found a shimmering altar of Xom.
  1764 | D:3      | Found a shimmering altar of Xom.
  1764 | D:3      | Found a shimmering altar of Xom.
  1765 | D:3      | Found a shimmering altar of Xom.
  1765 | D:3      | Found a shimmering altar of Xom.
  1836 | D:3      | Reached XP level 5. HP: 41/48 MP: 2/4
  2159 | D:3      | Reached skill level 1 in Shields
  2581 | D:4      | Reached skill level 5 in Unarmed Combat
  2712 | D:4      | Reached XP level 6. HP: 51/55 MP: 3/5
  2951 | D:5      | Entered Level 5 of the Dungeon
  2982 | D:5      | Found a shattered altar of Ashenzari.
  3117 | D:5      | Noticed a sky beast
  3130 | D:5      | Killed a sky beast
  3130 | D:5      | Reached XP level 7. HP: 49/62 MP: 4/6
  3167 | D:5      | Found Osiuruv's Antique Weapon Shoppe.
  3173 | D:5      | Reached skill level 6 in Unarmed Combat
  3509 | D:5      | Found an opulent altar of Gozag.
  3510 | D:5      | Found a hide-covered altar of Uskayaw.
  3563 | D:5      | Found a radiant altar of Vehumet.
  3637 | D:5      | Found a staircase to the Ecumenical Temple.
  3684 | D:6      | Noticed Prince Ribbit
  3693 | D:6      | Killed Prince Ribbit
  3721 | D:6      | Identified a scroll of acquirement
  3766 | D:5      | Reached skill level 7 in Unarmed Combat
  3892 | D:6      | Reached XP level 8. HP: 70/70 MP: 7/7
  3951 | D:6      | Noticed Pikel
  4000 | D:6      | Killed Pikel
  4000 | D:6      | Reached skill level 5 in Shields
  4000 | D:6      | Reached skill level 8 in Unarmed Combat
  4438 | D:6      | Reached XP level 9. HP: 55/76 MP: 5/8
  4477 | D:7      | Found Muisey's Antique Armour Boutique.
  4609 | D:7      | Reached skill level 9 in Unarmed Combat
  5325 | D:8      | Noticed Psyche
  5336 | D:8      | Killed Psyche
  5444 | D:8      | Reached skill level 10 in Unarmed Combat
  5479 | D:8      | Noticed Grum
  5560 | D:8      | Killed Grum
  5792 | D:8      | Reached XP level 10. HP: 39/91 MP: 6/9
  6107 | D:9      | Noticed a two-headed ogre
  6259 | D:9      | Noticed a two-headed ogre
  6265 | D:9      | Killed a two-headed ogre
  6265 | D:9      | Reached skill level 5 in Fighting
  6424 | D:9      | Noticed a two-headed ogre
  6778 | D:9      | Found a staircase to the Lair.
  6877 | Lair:1   | Entered Level 1 of the Lair of Beasts
  6945 | Lair:1   | Noticed an elephant
  6946 | Lair:1   | Noticed an elephant
  6947 | Lair:1   | Noticed an elephant
  6965 | Lair:1   | Killed an elephant
  6987 | Lair:1   | Noticed an elephant
  7009 | Lair:1   | Killed an elephant
  7009 | Lair:1   | Reached skill level 5 in Throwing
  7009 | Lair:1   | Reached XP level 11. HP: 103/107 MP: 10/10
  7321 | Lair:1   | Noticed a five-headed hydra
  7721 | Lair:2   | Found a dark tunnel.
  7794 | Volcano  | Entered a volcano
  7983 | Volcano  | Noticed a hell knight
  8039 | Volcano  | Found a radiant altar of Vehumet.
  8039 | Volcano  | Noticed a red ugly thing
  8195 | Volcano  | Noticed a red ugly thing
  8486 | Volcano  | Killed a red ugly thing
  8489 | Volcano  | Killed a purple ugly thing
  8557 | Volcano  | Killed a hell knight
  8986 | Lair:5   | Found a staircase to the Slime Pits.
  8999 | Lair:5   | Noticed a five-headed hydra
  9023 | Lair:4   | Reached XP level 12. HP: 122/122 MP: 11/11
  9134 | Lair:4   | Found a staircase to the Shoals.
  9408 | Slime:1  | Entered Level 1 of the Pits of Slime
  9408 | Slime:1  | Noticed an acid blob
  9643 | Temple   | Entered the Ecumenical Temple
  9963 | D:9      | Killed a two-headed ogre
 10324 | D:10     | Entered Level 10 of the Dungeon
 10476 | D:10     | Got an ancient scarf
 10487 | D:10     | Identified the scarf of the Bulwark {Str+2 Dex+6} (You acquired it on level 10 of the Dungeon)
 10582 | D:10     | Noticed Erica
 10593 | D:10     | Killed Erica
 10783 | D:10     | Reached skill level 5 in Dodging
 10868 | D:10     | Noticed a two-headed ogre
 10874 | D:10     | Killed a two-headed ogre
 10874 | D:10     | Reached skill level 10 in Fighting
 10900 | D:10     | Found a sacrificial altar of Ru.
 11138 | D:11     | Noticed a death knight
 11220 | D:11     | Noticed Rhok's ghost (journeyman MiFi)
 11268 | D:11     | Killed Rhok's ghost
 11275 | D:11     | Killed a death knight
 11434 | D:11     | Noticed poirepourri's ghost (journeyman GrFi)
 11467 | D:11     | Killed poirepourri's ghost
 11828 | D:11     | Found a frozen archway.
 12020 | D:12     | Reached XP level 13. HP: 129/135 MP: 12/12
 12117 | D:12     | Found a staircase to the Orcish Mines.
 12122 | Orc:1    | Entered Level 1 of the Orcish Mines
 12317 | Orc:1    | Noticed an ettin
 12508 | Orc:2    | Entered Level 2 of the Orcish Mines
 12567 | Orc:2    | Found a roughly hewn altar of Beogh.
 12677 | Orc:2    | Found Detim's General Store.
 12688 | Orc:2    | Found Suxaos's Antique Armour Shop.
 12689 | Orc:2    | Noticed a stone giant
 12706 | Orc:2    | Killed a stone giant
 12706 | Orc:2    | Reached skill level 11 in Unarmed Combat
 12788 | Orc:2    | Noticed an orc warlord
 12965 | Orc:2    | Noticed an orc warlord
 13500 | Orc:2    | Found a roughly hewn altar of Beogh.
 13619 | D:12     | Noticed Kirke
 13883 | D:12     | Got a coiled brass ring
 14105 | D:12     | Noticed an orc warlord
 14159 | D:12     | Killed an orc warlord
 14159 | D:12     | Reached skill level 12 in Unarmed Combat
 14330 | D:12     | Killed Kirke
 14363 | D:12     | Identified the ring of Knowledge {Str+2 Slay+4} (You took it off a meliai on level 12 of the Dungeon)
 14537 | D:12     | Found Epeusuch's Antique Armour Shoppe.
 14547 | D:12     | Bought a spiked cloak for 199 gold pieces
 14557 | D:12     | Identified the cursed +0 cloak of Oxouqila {rF+++ Str+6 Dex-5} (You bought it in a shop on level 12 of the Dungeon)
 14563 | D:12     | Found Fawuot's Gadget Boutique.
 15047 | D:12     | Found Deuxke's Distillery.
 15207 | D:11     | Slain by a four-headed hydra

Skill      XL: |  1  2  3  4  5  6  7  8  9 10 11 12 13 |
---------------+----------------------------------------+-----
Unarmed Combat | 1 2 3 4 5 7 8 10 12 | 12.7
Shields        | 2 3 4 6 8 9 |  9.2
Fighting       | 3 6 8 10 | 10.4
Throwing       | 5 8 |  8.0
Dodging        | 2 6 9 |  9.5
Stealth        | |  0.3

Action                   |  1- 3 |  4- 6 |  7- 9 | 10-12 | 13-15 || total
-------------------------+-------+-------+-------+-------+-------++-------
Melee: Unarmed           |   107 |   178 |   277 |   688 |   475 ||  1725
       Short sword       |     5 |       |       |       |       ||     5
       Punch             |     1 |       |       |       |       ||     1
Throw: Large rock        |       |       |       |    23 |    15 ||    38
       Throwing net      |       |       |       |     2 |       ||     2
Evoke: Wand              |       |       |     2 |     8 |       ||    10
  Use: Scroll            |       |       |    16 |     6 |     1 ||    23
       Potion            |       |       |       |     1 |       ||     1
 Stab: Sleeping          |       |     1 |       |       |     2 ||     3
       Distracted        |       |       |     1 |       |       ||     1
       Paralysed         |       |       |     2 |       |       ||     2
  Eat: Chunk             |    17 |    17 |    24 |    63 |    32 ||   153
Armor: Robe              |    46 |    58 |    73 |   126 |    73 ||   376
Dodge: Dodged            |    53 |    53 |    73 |   182 |   137 ||   498
Block: Shield            |       |    54 |   172 |   417 |   377 ||  1020
       Reflection        |       |       |       |     9 |    10 ||    19
